 Dungeon Crawl Stone Soup version 0.24-a0-307-gf989941 (webtiles) character file.

Game seed: 4635340221350059519

123 Espgualade the Conjurer (level 5, -6/28 HPs)
             Began as a Tengu Ice Elementalist on May 13, 2019.
             Mangled by an ogre
             ... wielding a +0 giant club
              (15 damage)
             ... on level 4 of the Dungeon.
             The game lasted 00:08:16 (3448 turns).

Espgualade the Conjurer (Tengu Ice Elementalist)    Turns: 3448, Time: 00:08:17

Health: -6/28      AC:  2    Str: 13    XL:     5   Next: 7%
Magic:  9/9        EV: 13    Int: 16    God:
Gold:   118        SH:  0    Dex: 15    Spells: 2/8 levels left

rFire    . . .     SeeInvis +   i - +0 battleaxe
rCold    . . .     Gourm    .   (shield currently unavailable)
rNeg     . . .     Faith    .   a - +0 robe
rPois    +         Spirit   .   (helmet restricted)
rElec    .         Reflect  .   (no cloak)
rCorr    .         Harm     .   (no gloves)
MR       .....                  (boots unavailable)
Stlth    ++........             n - amulet of the acrobat
HPRegen  0.09/turn              f - ring of see invisible
MPRegen  0.11/turn              q - ring of poison resistance

@: mighty, drained
A: beak, talons 3, able to fly
a: Fly


You were on level 4 of the Dungeon.
You were very hungry.

You visited 1 branch of the dungeon, and saw 4 of its levels.

You collected 118 gold pieces.

Inventory:

Hand Weapons
 i - a +0 battleaxe (weapon)
 k - a +1 dagger of protection
Armour
 a - a +0 robe (worn)
Jewellery
 d - an uncursed amulet of harm
 f - a ring of see invisible (left hand)
 n - an amulet of the acrobat (around neck)
 q - a ring of poison resistance (right hand)
Wands
 j - a wand of digging (3)
Scrolls
 p - 3 scrolls of remove curse
Potions
 g - a potion of mutation
Comestibles
 c - 3 rations


   Skills:
 + Level 3.5(2.8) Dodging
 - Level 2.0(1.3) Stealth
 - Level 2.0(1.3) Spellcasting
 - Level 4.0(3.3) Conjurations
 - Level 3.5(2.8) Ice Magic


You had 2 spell levels left.
You knew the following spells:

 Your Spells              Type           Power        Failure   Level  Hunger
a - Freeze                Ice            ##..         7%          1    ##.....
b - Throw Frost           Conj/Ice       ##....       10%         2    ###....
c - Ozocubu's Armour      Chrm/Ice       #.......     36%         3    ####...

Your spell library contained the following spells:

 Spells                   Type           Power        Failure   Level  Hunger
 Throw Icicle             Conj/Ice       ##......     54%         4    #####..
 Summon Ice Beast         Ice/Summ       #.......     77%         4    #####..


Dungeon Overview and Level Annotations

Branches:
Dungeon (4/15)
 Temple: D:4-7

Altars:
Elyvilon
Hepliaklqana
Makhleb
Nemelex Xobeh
Zin

Annotations:
D:4 Sigmund


Innate Abilities, Weirdness & Mutations

You have a beak for a mouth.
You have claws for feet.
You can fly continuously.


Message History

You start resting.
You feel sick.
You are no longer poisoned.
You start resting.
You hear the slow hiss of a very distant avalanche of sand.
You start resting.
Magic restored.
The ogre shouts!
The ogre completely misses you.
Okay, then.
As you read the scroll of fog, it crumbles to dust.
The scroll dissolves into smoke.
The ogre closely misses you.
It was a potion of curing.
You feel better.
It was a potion of cancellation.
You feel magically purged.
The ogre hits you with a +0 giant club!!
Ouch! That really hurt!
It was a potion of might.
You feel very mighty all of a sudden. The ogre hits you with a +0 giant club!
Ouch! That really hurt!
You die...

#....# #....# #....#
#....# ##### #....# ....#
#..####.# ###.# #§§§§...#
#.############§§§###.#
###............§@O§#####.#
...(...........§§§§§§....#
##################§#######
###


You could see an ogre.

Vanquished Creatures
  An orc priest (D:3)
  3 adders
  An ooze (D:1)
  A worm (D:3)
  3 dart slugs
  2 leopard geckos
  2 orcs (D:3)
  A giant cockroach (D:1)
  6 hobgoblins
  3 jackals (D:1)
  5 kobolds
  A quokka (D:3)
  A ball python (D:1)
  5 bats
  4 frilled lizards
  7 goblins
  4 rats
50 creatures vanquished.

Vanquished Creatures (others)
  An orc (D:3)
1 creature vanquished.

Grand Total: 51 creatures vanquished

Notes
Turn   | Place    | Note
-------+----------+-------------------------------------------
     0 | D:1      | Espgualade the Tengu Ice Elementalist began the quest for
                  | the Orb.
     0 | D:1      | Reached XP level 1. HP: 10/10 MP: 4/4
   324 | D:1      | Reached XP level 2. HP: 8/15 MP: 0/6
  1057 | D:1      | Learned a level 2 spell: Throw Frost
  1327 | D:1      | Reached skill level 2 in Conjurations
  1327 | D:1      | Reached XP level 3. HP: 19/19 MP: 7/7
  1529 | D:2      | Found a white marble altar of Elyvilon.
  1547 | D:2      | Found a hazy altar of Hepliaklqana.
  2086 | D:2      | Reached skill level 3 in Conjurations
  2392 | D:3      | Noticed a green death
  2393 | D:3      | Found a burning altar of Makhleb.
  2397 | D:3      | Found a glowing silver altar of Zin.
  2397 | D:3      | Noticed an angel
  2425 | D:3      | Reached XP level 4. HP: 17/24 MP: 5/8
  2631 | D:3      | Reached skill level 4 in Conjurations
  2745 | D:3      | Found a sparkling altar of Nemelex Xobeh.
  3309 | D:3      | Learned a level 3 spell: Ozocubu's Armour
  3364 | D:4      | Noticed Sigmund
  3397 | D:4      | Gained mutation: You can fly continuously. [Tengu growth]
  3397 | D:4      | Reached XP level 5. HP: 24/28 MP: 4/9
  3400 | D:4      | Noticed an ogre
  3448 | D:4      | Mangled by an ogre

Levels and vault maps discovered:
D:1:      dpeg_arrival_simpleton_c, layout_basic, chequers_jeans
D:2:      layout_basic, lemuel_crystal_altar, lemuel_crystal_altar
D:3:      layout_loops_cross, grunt_temple_overflow_order_and_chaos_2,
          nemelex_xobeh_ov_fountains_minmay
D:4:      layout_basic, gammafunk_ghost_grave, nicolae_ossuary_entry_giza,
          uniq_sigmund

Skill      XL: |  1  2  3  4 |
---------------+-------------+-----
Ice Magic      | 3 |  3.5
Conjurations   | 2 3 4 |  4.0
Dodging        | 3 |  3.5
Stealth        | |  2.0
Spellcasting   | |  2.0

Action                   |  1- 3 |  4- 6 || total
-------------------------+-------+-------++-------
Melee: Unarmed           |    49 |       ||    49
       Peck              |    15 |     2 ||    17
       Kick              |     8 |     3 ||    11
       Battleaxe         |     3 |    30 ||    33
 Cast: Freeze            |    50 |    11 ||    61
       Throw Frost       |     1 |     2 ||     3
  Use: Scroll            |     7 |     3 ||    10
       Potion            |       |     4 ||     4
 Stab: Sleeping          |     3 |     1 ||     4
  Eat: Chunk             |     6 |     3 ||     9
Armor: Robe              |    18 |     5 ||    23
Dodge: Dodged            |    56 |    28 ||    84

Table legend:
 A = Non-vault XP
 B = Vault XP
 C = Vault XP percentage of total XP
 D = Non-vault monster count
 E = Vault monster count
 F = Vault count percentage of total count
                 A         B        C        D         E       F
            +---------+---------+-------+---------+---------+-------
      Total |     176 |       0 |   0.0 |      50 |       0 |   0.0
            +---------+---------+-------+---------+---------+-------
        D:1 |      41 |       0 |   0.0 |      21 |       0 |   0.0
        D:2 |      39 |       0 |   0.0 |      12 |       0 |   0.0
        D:3 |      82 |       0 |   0.0 |      16 |       0 |   0.0
        D:4 |      14 |       0 |   0.0 |       1 |       0 |   0.0
            +---------+---------+-------+---------+---------+-------
